 Dungeon Crawl Stone Soup version 0.24-a0-479-g9a978d2894 (webtiles) character file.

Game seed: 2766341972464449815

368 Azzok the Magician (level 6, 0/32 HPs)
             Began as a Deep Elf Fire Elementalist on July 6, 2019.
             Slain by Sigmund
             ... wielding a +0 scythe
              (6 damage)
             ... on level 3 of the Dungeon.
             The game lasted 00:04:06 (3726 turns).

Azzok the Magician (Deep Elf Fire Elementalist)     Turns: 3726, Time: 00:04:07

Health: 0/32       AC:  4    Str:  5    XL:     6   Next: 41%
Magic:  16/16      EV: 13    Int: 22    God:
Gold:   238        SH:  0    Dex: 15    Spells: 15/16 levels left

rFire    + . .     SeeInvis .   a - +2 long sword (drain)
rCold    . . .     Gourm    .   (no shield)
rNeg     . . .     Faith    .   p - +2 robe {rF+}
rPois    .         Spirit   .   (no helmet)
rElec    .         Reflect  .   (no cloak)
rCorr    .         Harm     .   (no gloves)
MR       .....                  (no boots)
Stlth    ++........             (no amulet)
HPRegen  0.10/turn              (no ring)
MPRegen  0.15/turn              (no ring)

@: no status effects
A: no striking features
a: no special abilities


You were on level 3 of the Dungeon.
You were not hungry.

You visited 1 branch of the dungeon, and saw 3 of its levels.

You collected 238 gold pieces.

Inventory:

Hand Weapons
 a - a +2 long sword of draining (weapon)
 m - a +2 dagger of venom
Armour
 p - a +2 robe of fire resistance (worn)
Scrolls
 b - a scroll of amnesia {unknown}
 e - 2 scrolls of identify {unknown}
 g - 2 scrolls of remove curse {unknown}
 i - 3 scrolls of teleportation {unknown}
 j - a scroll of random uselessness {unknown}
 k - a scroll of immolation {unknown}
 o - a scroll of enchant armour {unknown}
Potions
 d - 3 potions of degeneration {unknown}
 f - 5 potions of might {unknown}
 h - a potion of curing {unknown}
 l - 3 potions of agility {unknown}
 n - a potion of cancellation {unknown}
Comestibles
 c - 11 rations
 q - 7 chunks of flesh


   Skills:
 - Level 2.4 Dodging
 - Level 2.4 Stealth
 + Level 5.8 Spellcasting
 + Level 4.1 Conjurations
 + Level 5.3 Fire Magic


You had 15 spell levels left.
You knew the following spells:

 Your Spells              Type           Power        Failure   Level  Hunger
a - Flame Tongue          Conj/Fire      ####.        1%          1    None

Your spell library contained the following spells:

 Spells                   Type           Power        Failure   Level  Hunger
 Throw Flame              Conj/Fire      ####..       1%          2    None
 Conjure Flame            Conj/Fire      ####....     4%          3    ##.....
 Inner Flame              Hex/Fire       ###.....     10%         3    ##.....
 Sticky Flame             Conj/Fire      ####....     13%         4    ####...
 Fireball                 Conj/Fire      ####......   36%         5    #####..


Dungeon Overview and Level Annotations

Branches:
Dungeon (3/15)

Altars:
Cheibriados
Qazlal

Annotations:
D:3 Sigmund


Message History

You barely miss something. Something barely misses you.
You barely miss something.
You hear some strange, mumbled words.
A magic dart appears from out of thin air!
The magic dart hits you. Something hits you!
You hit something. Something barely misses you.
You're too confused to cast spells.
You feel less confused.
A magic dart appears from out of thin air!
The magic dart hits you.
* * * LOW HITPOINT WARNING * * *
A magic dart appears from out of thin air!
The magic dart hits you.
* * * LOW HITPOINT WARNING * * *
You are confused.
You see here a jackal skeleton.
You bump into the rock wall.
You feel less confused. Something hits you.
You die...

▒▒▒ ▒·· ▒▒▒▒▒▒▒▒▒ ▒·▒
▒▒▒▒▒▒▒▒▒·······▒ ▒▒▒▒▒▒▒·▒ ▒▒▒▒
▒···············▒ ▒····▒▒··
···▒▒▒···············▒ ▒·▒▒·▒▒▒▒
················@····▒▒▒▒········
·····················÷···········
▒▒▒·▒▒·▒▒▒▒▒▒▒···÷···▒▒▒····▒▒▒▒▒
·······▒▒▒▒▒▒▒▒·······÷··········
▒▒▒▒·▒···········▒▒▒▒▒▒▒▒·▒▒·▒▒▒▒
···▒···▒▒▒▒▒▒▒▒··▒··▒········▒
···▒···▒···▒ ▒···▒··▒·▒▒▒··▒▒▒▒▒▒
···▒···▒▒··▒▒▒··▒▒·······▒·▒·····
·▒·▒···▒···········)▒·[····▒·····


There were no monsters in sight!

Vanquished Creatures
  A black bear (D:2)
  An ice beast (D:3)
  Jessica (D:3)
  Robin (D:3)
  4 adders
  3 oozes
  4 worms
  4 dart slugs
  A leopard gecko (D:2)
  An orc (D:3)
  11 bats
  A giant cockroach (D:2)
  5 hobgoblins (D:1)
  5 jackals
  A quokka (D:3)
  4 frilled lizards
  18 goblins
  11 kobolds
  5 rats
82 creatures vanquished.

Notes
Turn   | Place    | Note
-------+----------+-------------------------------------------
     0 | D:1      | Azzok the Deep Elf Fire Elementalist began the quest for
                  | the Orb.
     0 | D:1      | Reached XP level 1. HP: 10/10 MP: 6/6
   330 | D:1      | Reached XP level 2. HP: 10/15 MP: 6/8
  1274 | D:2      | Reached XP level 3. HP: 10/19 MP: 6/10
  1518 | D:2      | Noticed a black bear
  1526 | D:2      | Killed a black bear
  1526 | D:2      | Reached XP level 4. HP: 4/24 MP: 2/12
  1526 | D:2      | Reached XP level 5. HP: 5/28 MP: 2/14
  2016 | D:2      | Found a snail-covered altar of Cheibriados.
  2359 | D:2      | Found a stormy altar of Qazlal.
  2675 | D:2      | Reached skill level 5 in Spellcasting
  2724 | D:3      | Noticed an ice beast
  2734 | D:3      | Killed an ice beast
  2734 | D:3      | Reached skill level 5 in Fire Magic
  2788 | D:3      | Reached XP level 6. HP: 30/32 MP: 16/16
  3120 | D:3      | Noticed Jessica
  3127 | D:3      | Killed Jessica
  3216 | D:3      | Noticed Robin
  3230 | D:3      | Killed Robin
  3684 | D:3      | Noticed Sigmund
  3726 | D:3      | Slain by Sigmund

Levels and vault maps discovered:
D:1:      dpeg_arrival_rhombi, layout_basic
D:2:      layout_basic, lemuel_crystal_altar, grunt_qazlal_clouds,
          minmay_heptomino_h4
D:3:      layout_basic, first_ration, uniq_robin, uniq_sigmund, uniq_jessica

Skill      XL: |  1  2  3  4  5  6 |
---------------+-------------------+-----
Conjurations   | 2 3 4 |  4.1
Spellcasting   | 4 5 |  5.8
Fire Magic     | 4 5 |  5.3
Dodging        | |  2.4
Stealth        | |  2.4

Action                   |  1- 3 |  4- 6 || total
-------------------------+-------+-------++-------
Melee: Unarmed           |     1 |       ||     1
       Dagger            |       |    21 ||    21
       Long sword        |       |    19 ||    19
 Cast: Flame Tongue      |    40 |    94 ||   134
 Stab: Sleeping          |       |     1 ||     1
  Eat: Chunk             |     1 |     7 ||     8
Armor: Robe              |       |    14 ||    14
Dodge: Dodged            |    17 |    56 ||    73
       Rpst.: Long sword |       |     5 ||     5

Table legend:
 A = Non-vault XP
 B = Vault XP
 C = Vault XP percentage of total XP
 D = Non-vault monster count
 E = Vault monster count
 F = Vault count percentage of total count
                 A         B        C        D         E       F
            +---------+---------+-------+---------+---------+-------
      Total |     459 |      67 |  12.7 |      73 |       9 |  11.0
            +---------+---------+-------+---------+---------+-------
        D:1 |      37 |       0 |   0.0 |      21 |       0 |   0.0
        D:2 |     207 |       3 |   1.4 |      26 |       1 |   3.7
        D:3 |     215 |      64 |  22.9 |      26 |       8 |  23.5
            +---------+---------+-------+---------+---------+-------
